 Dungeon Crawl Stone Soup version 0.27-a0-1299-g1ab19c6527 (webtiles) character file.

Game seed: 14209780560435888115

2772 mordus the Grappler (level 9, 0/80 HPs)
             Began as a Troll Monk on June 16, 2021.
             Slain by a manticore (11 damage)
             ... on level 7 of the Dungeon.
             The game lasted 00:04:54 (4596 turns).

mordus the Grappler (Troll Monk)                    Turns: 4596, Time: 00:04:55

Health: 0/80       AC:  4    Str: 30    XL:     9   Next: 42%
Magic:  8/8        EV: 10    Int:  6    God:
Gold:   238        SH:  0    Dex: 12    Spells: 8/8 levels left

rFire    + . .     SeeInvis .     - Unarmed
rCold    . . .     Faith    .   (no shield)
rNeg     . . .     Spirit   .   a - +0 robe
rPois    .         Reflect  .   (helmet restricted)
rElec    .         Harm     .   (no cloak)
rCorr    .         Rampage  .   (gloves unavailable)
Will     .....                  (boots unavailable)
Stlth    ++........             (no amulet)
HPRegen  1.23/turn              w - +6 ring of strength
MPRegen  0.11/turn              l - ring of protection from fire

@: spiked
A: large, unfitting armour, claws 3, regeneration 1, shaggy fur 1, tough skin 1
a: no special abilities


You were on level 7 of the Dungeon.
You visited 2 branches of the dungeon, and saw 8 of its levels.

You collected 238 gold pieces.

Inventory:

Missiles
 n - a curare-tipped dart (quivered)
 A - 3 atropa-tipped darts
Armour
 a - a +0 robe (worn)
Jewellery
 l - a ring of protection from fire (right claw)
 s - a ring of flight
 w - a +6 ring of strength (left claw)
 y - a +6 ring of intelligence
 z - a ring of protection from fire
Wands
 u - a wand of iceblast (6)
 x - a wand of acid (7)
Scrolls
 c - 5 scrolls of noise {unknown}
 e - 2 scrolls of acquirement {unknown}
 f - 2 scrolls of brand weapon {unknown}
 g - a scroll of magic mapping {unknown}
 h - a scroll of teleportation {unknown}
 k - 2 scrolls of vulnerability {unknown}
 o - a scroll of enchant weapon {unknown}
 p - 2 scrolls of silence {unknown}
 r - a scroll of blinking {unknown}
 t - a scroll of identify {unknown}
Potions
 b - 2 potions of resistance {unknown}
 d - 4 potions of curing {unknown}
 i - 2 potions of degeneration {unknown}
 j - 2 potions of brilliance {unknown}
 m - a potion of berserk rage {unknown}
 q - a potion of flight {unknown}
 v - a potion of heal wounds {unknown}


   Skills:
 - Level 2.4 Fighting
 - Level 2.4 Dodging
 - Level 1.0 Stealth
 * Level 12.9 Unarmed Combat


You had 8 spell levels left.
You didn't know any spells.
Your spell library contained the following spells:

 Spells                   Type           Power      Damage    Failure   Level
 Corona                   Hex            0%         N/A       45%         1
 Magic Dart               Conj           0%         1d3       45%         1
 Blink                    Tloc           N/A        N/A       58%         2
 Call Imp                 Summ           0%         N/A       58%         2
 Ensorcelled Hibernation  Hex/Ice        0%         N/A       58%         2
 Slow                     Hex            0%         N/A       58%         2
 Confusing Touch          Hex            0%         N/A       83%         3
 Conjure Flame            Conj/Fire      0%         6-21      83%         3
 Dazzling Flash           Conj/Hex       0%         N/A       83%         3
 Inner Flame              Hex/Fire       0%         N/A       83%         3
 Mephitic Cloud           Conj/Pois/Air  0%         N/A       83%         3
 Portal Projectile        Hex/Tloc       0%         N/A       83%         3
 Tukima's Dance           Hex            0%         N/A       83%         3
 Cause Fear               Hex            0%         N/A       99%         4
 Leda's Liquefaction      Hex/Erth       0%         N/A       99%         4


Dungeon Overview and Level Annotations

Branches:
Dungeon (7/15)             Temple (1/1) D:5

Altars:
Ashenzari
Dithmenos
Elyvilon
Fedhas
Gozag
Hepliaklqana
Kikubaaqudgha
Makhleb
Nemelex Xobeh
Okawaru
Qazlal
Ru
Sif Muna
Trog
Uskayaw
Vehumet
Wu Jian
Xom
Zin


Innate Abilities, Weirdness & Mutations

You are too large for most types of armour.
You have claws for hands.
Your natural rate of healing is unusually fast.
You are covered in fur. (AC +1)
You have tough skin. (AC +1)


Message History

There is an open door here.
A - 3 atropa-tipped darts No target in view!
A manticore comes into view.
The manticore flicks its tail.
The volley of spikes hits you!
The barbed spikes become lodged in your body.
A manticore is nearby!
The barbs in your skin will harm you if you move.
Continue? [Y]es or [N]o only, please.
The barbs in your skin will harm you if you move.
Continue? [Y]es or [N]o only, please.
The barbs in your skin will harm you if you move.
Continue? [Y]es or [N]o only, please.
The barbs in your skin will harm you if you move.
Continue? [Y]es or [N]o only, please.
The barbs in your skin will harm you if you move.
Continue? [Y]es or [N]o only, please.
The barbs in your skin will harm you if you move.
Continue? [Y]es or [N]o only, please.
The barbs in your skin will harm you if you move.
Continue? [Y]es or [N]o only, please.
The barbs in your skin will harm you if you move.
Continue? [Y]es or [N]o only, please.
The barbs in your skin will harm you if you move.
Continue? [Y]es or [N]o only, please.
The barbs in your skin will harm you if you move.
Continue?
The barbed spikes dig painfully into your body as you move.
The manticore barely misses you. The manticore claws you.
The manticore misses you.
You barely miss the manticore. The manticore bites you!!
The manticore misses you. The manticore claws you!
You claw the manticore!
The manticore is lightly wounded.
The manticore bites you!
* * * LOW HITPOINT WARNING * * *
The manticore claws you!
* * * LOW HITPOINT WARNING * * *
The manticore claws you!
You die...

#### # #..
#
#H#########
#
#@#........
#
#.#.######.
#
#.#......#
#
#...####.#
##### ###.#
#.# #....
#.# #.#
#.### #.#
#.# #.##.
..# #.#
#.##.
#########
#.# #....


You could see a manticore.

Vanquished Creatures
  A two-headed ogre (D:7)
  A centaur zombie (D:5)
  A water moccasin (D:7)
  An orc warrior (D:7)
  A sky beast (D:5)
  2 black bears
  2 necrophages
  3 centaurs
  A kobold brigand (D:4)
  A wyvern zombie (D:6)
  A bullfrog (D:6)
  A water moccasin skeleton (D:4)
  A bullfrog zombie (D:6)
  3 hounds
  A bullfrog skeleton (D:7)
  A gnoll shaman (D:6)
  3 iguanas
  5 orc wizards
  A scorpion zombie (D:5)
  A howler monkey zombie (D:7)
  5 gnolls (D:6)
  10 adders
  2 adder skeletons (D:4)
  2 worms (D:2)
  4 dart slugs
  23 orcs
  11 ball pythons
  10 endoplasms
  A giant cockroach (D:2)
  11 goblins
  8 hobgoblins
  2 jackals (D:4)
  2 quokkas
  6 bats
  4 frilled lizards
  3 kobolds
  4 rats
140 creatures vanquished.

Notes
Turn   | Place    | Note
-------+----------+-------------------------------------------
     0 | D:1      | mordus the Troll Monk began the quest for the Orb.
     0 | D:1      | Reached XP level 1. HP: 22/22 MP: 0/0
    62 | D:1      | Reached XP level 2. HP: 29/29 MP: 1/1
   172 | D:1      | Reached skill level 4 in Unarmed Combat
   243 | D:1      | Found a faded altar of an unknown god.
   298 | D:1      | Reached XP level 3. HP: 36/36 MP: 2/2
   819 | D:2      | Reached XP level 4. HP: 44/44 MP: 3/3
   825 | D:2      | Reached skill level 5 in Unarmed Combat
  1376 | D:3      | Noticed a black bear
  1384 | D:3      | Killed a black bear
  1385 | D:3      | Reached skill level 6 in Unarmed Combat
  1385 | D:3      | Reached XP level 5. HP: 26/50 MP: 4/4
  1691 | D:4      | Reached XP level 6. HP: 24/59 MP: 5/5
  1776 | D:4      | Reached skill level 7 in Unarmed Combat
  1822 | D:4      | Found a white marble altar of Elyvilon.
  2166 | D:4      | Reached skill level 8 in Unarmed Combat
  2166 | D:4      | Reached XP level 7. HP: 58/66 MP: 6/6
  2321 | D:4      | Found a shimmering blue altar of Sif Muna.
  2591 | D:5      | Entered Level 5 of the Dungeon
  2719 | D:5      | Found a staircase to the Ecumenical Temple.
  2762 | D:5      | Reached skill level 9 in Unarmed Combat
  2788 | Temple   | Entered the Ecumenical Temple
  3135 | D:5      | Reached skill level 10 in Unarmed Combat
  3135 | D:5      | Reached XP level 8. HP: 73/74 MP: 7/7
  3194 | D:5      | Found a broken altar of Ashenzari.
  3194 | D:5      | Found a glowing silver altar of Zin.
  3858 | D:6      | Reached skill level 11 in Unarmed Combat
  3952 | D:6      | Found a hazy altar of Hepliaklqana.
  4240 | D:7      | Noticed a two-headed ogre
  4247 | D:7      | Killed a two-headed ogre
  4248 | D:7      | Reached skill level 12 in Unarmed Combat
  4248 | D:7      | Reached XP level 9. HP: 62/80 MP: 8/8
  4592 | D:7      | Noticed a manticore
  4596 | D:7      | Slain by a manticore

Illustrated notes

Levels and vault maps discovered:
D:1:      grunt_arrival_lava_bath, layout_basic,
          hellmonk_ecumenical_altar_arch_garden, minmay_misc_feat_plants
D:2:      layout_rooms, serial_forest, infiniplex_forest_lined_corner,
          infiniplex_forest_fountain, infiniplex_forest_lined_3,
          infiniplex_forest_straight_4, infiniplex_forest_end_2,
          infiniplex_forest_clump_medium
D:3:      layout_loops_ring
D:4:      layout_basic, kennysheep_mini, nicolae_elyvilon_peaceful_grove,
          corexii_item_surrounded_by_moat
D:5:      layout_basic, nicolae_overflow_hidden_temple,
          gammafunk_temple_overflow_wave, minmay_temple_entry_wispy,
          kennysheep_generic_room_11
D:6:      layout_basic, marbit_many_paths, patterned_corridor
D:7:      layout_basic, palyth_stone_intersect, grunt_ministairs_12
Temple:   eino_narrow_crystal_temple

Skill      XL: |  1  2  3  4  5  6  7  8 |
---------------+-------------------------+-----
Unarmed Combat | 4 6 8 10 12 | 12.9
Fighting       | |  2.4
Dodging        | |  2.4
Stealth        | |  1.0

Action                   |  1- 3 |  4- 6 |  7- 9 || total
-------------------------+-------+-------+-------++-------
Melee: Unarmed           |    87 |   112 |   142 ||   341
       Punch             |     3 |     2 |     8 ||    13
 Stab: Sleeping          |     1 |     2 |       ||     3
       Distracted        |       |     1 |       ||     1
Armor: Robe              |    38 |    20 |    30 ||    88
Dodge: Dodged            |    48 |    52 |    66 ||   166

Table legend: (Time is in decaauts)
 A = Elapsed time spent in this place.
 B = Non-inter-level travel time spent in this place.
 C = Inter-level travel time spent in this place.
 D = Time resting spent in this place.
 E = Time spent auto-exploring this place.
 F = Levels seen in this place.
 G = Mean time per level.
                   A        B        C        D        E       F      G
               +--------+--------+--------+--------+--------+-----+--------+
         Total |   4553 |   4350 |    203 |     85 |   3464 |   8 |  569.1 |
       Dungeon |   4355 |   4166 |    189 |     85 |   3280 |   7 |  622.1 |
        Temple |    198 |    184 |     14 |      0 |    184 |   1 |  198.0 |
               +--------+--------+--------+--------+--------+-----+--------+

Top non-repeatable levels by time:
     D:4: 944 daAuts
     D:6: 719 daAuts
     D:5: 623 daAuts
     D:2: 611 daAuts
     D:3: 562 daAuts
     D:1: 456 daAuts
     D:7: 437 daAuts
  Temple: 198 daAuts
